 Dungeon Crawl Stone Soup version 0.20.1-1-g8b1a95d (webtiles) character file.

40215 Fingolfin the Fighter (level 14, -17/118 HPs)
             Began as a Barachi Summoner on Nov 7, 2017.
             Was a High Priest of Hepliaklqana.
             Hit by a javelin of penetration thrown by Urug (25 damage)
             ... on level 1 of the Orcish Mines on Nov 10, 2017.
             The game lasted 02:31:26 (24946 turns).

Fingolfin the Fighter (Barachi Summoner)           Turns: 24946, Time: 02:31:27

Health: -17/118    AC: 10    Str:  8    XL:     14   Next: 10%
Magic:  6/22       EV: 19    Int: 24    God:    Hepliaklqana [*****.]
Gold:   1555       SH:  6    Dex: 20    Spells: 5/27 levels left

rFire    . . .     SeeInvis .   F - +4 mace of the Vendetta {crush, +Inv Dex+6}
rCold    x . .     Gourm    .   r - +0 buckler
rNeg     . . .     Faith    +   z - +2 robe {MR+}
rPois    +         Spirit   .   f - +2 hat
rElec    .         Reflect  .   (no cloak)
rCorr    .         Harm     .   X - +0 pair of gloves of Ratabb Owuc {rPois rC- MR++ Int+3}
MR       ++++.     Rnd*Tele +   s - +2 pair of boots
Stlth    ++++......             H - amulet of faith
Regen    0.3/turn               n - ring of wizardry
MPRegen  0.2/turn               K - ring of Shadows {Umbra +Inv Stlth+}

@: about to teleport, can't hop, wreathed by umbra, drained, slow
A: +LOS, swims, reduced essence, horns 1, agile 1, low mp 1, robust 1, slowness
1, teleportitis 1, weak 1, sturdy frame 1, strong legs 2
a: Hop, Recall Ancestor, Ancestor Identity, Transference, Idealise, Renounce
Religion, Evoke Invisibility


You were on level 1 of the Orcish Mines.
You worshipped Hepliaklqana.
Hepliaklqana was extremely pleased with you.
You were hungry.

You visited 4 branches of the dungeon, and saw 19 of its levels.
You also visited: Bailey.

You collected 2260 gold pieces.
You spent 705 gold pieces at shops.

Inventory:

Hand Weapons
 i - the +11 long sword of Gafficw {drain, rPois rF+}
   (You found it on level 5 of the Lair of Beasts)

   A truly terrible weapon, it drains the life of those it strikes.
   It protects you from fire.
   It protects you from poison.
 F - the +4 mace of the Vendetta (weapon) {crush, +Inv Dex+6}
   (You found it on level 1 of the Lair of Beasts)

   It inflicts extra damage upon your enemies.
   It affects your dexterity (+6).
   It lets you turn invisible.
Armour
 f - a +2 hat (worn)
 r - a +0 buckler (worn)
 s - a +2 pair of boots (worn)
 z - a +2 robe of magic resistance (worn)
 X - the +0 pair of gloves of Ratabb Owuc (worn) {rPois rC- MR++ Int+3}
   (You bought it in a shop on level 9 of the Dungeon)

   It affects your intelligence (+3).
   It makes you vulnerable to cold.
   It protects you from poison.
   It affects your resistance to hostile enchantments.
Jewellery
 n - a ring of wizardry (left hand)
 w - an uncursed ring of wizardry
 H - an amulet of faith (around neck)
 K - the ring of Shadows (right hand) {Umbra +Inv Stlth+}
   (You found it on level 6 of the Lair of Beasts)

   [ring of stealth]

   It lets you turn invisible.
   It makes you more stealthy.
 S - an uncursed ring of protection from fire
 T - an uncursed ring of protection from cold
 W - an uncursed ring of see invisible
Wands
 d - a wand of digging (6/24)
 y - a wand of lightning (5/15)
 J - a wand of acid (2/15)
Scrolls
 e - 2 scrolls of magic mapping {unknown}
 h - 2 scrolls of summoning
 j - a scroll of teleportation
 p - 6 scrolls of fog
 u - a scroll of random uselessness {unknown}
 v - 8 scrolls of remove curse
 x - 3 scrolls of fear
 I - a scroll of silence {unknown}
 N - 3 scrolls of immolation {unknown}
 U - 2 scrolls of blinking {unknown}
Potions
 b - a potion of resistance {unknown}
 g - 5 potions of haste
 k - a potion of invisibility {unknown}
 l - 3 potions of might
 m - 2 potions of heal wounds
 o - 2 potions of lignification {unknown}
 q - 4 potions of curing
 B - 2 potions of magic {unknown}
 D - 2 potions of brilliance
 G - a potion of flight {unknown}
 M - a potion of berserk rage {unknown}
 P - 4 potions of agility
 Y - 3 potions of mutation {unknown}
Miscellaneous
 A - a lightning rod (4/4)
 E - a fan of gales
 Q - a box of beasts
Comestibles
 a - 4 chunks of flesh
 c - 10 bread rations
 t - a meat ration


   Skills:
 - Level 13.0(12.7) Fighting
 - Level 8.4(8.1) Dodging
 - Level 1.7(1.5) Stealth
 - Level 4.1(3.9) Shields
 + Level 7.1(6.8) Spellcasting
 - Level 9.8(9.5) Summonings
 - Level 5.1(4.9) Necromancy
 - Level 9.4(9.1) Ice Magic
 - Level 8.1(7.8) Invocations
 - Level 12.0(11.7) Evocations


You had 5 spell levels left.
You knew the following spells:

 Your Spells              Type           Power        Failure   Level  Hunger
a - Summon Small Mammal   Summ           ####         1%          1    None
b - Call Imp              Summ           ######..     1%          2    None
c - Call Canine Familiar  Summ           ######..     1%          3    None
d - Summon Ice Beast      Ice/Summ       ######..     1%          4    ###....
e - Summon Lightning Spi  Summ/Air       ####....     4%          4    ###....
g - Summon Guardian Gole  Hex/Summ       ####....     1%          3    None
s - Sublimation of Blood  Necr           ####......   1%          2    None
R - Regeneration          Chrm/Necr      ###.......   3%          3    None


Dungeon Overview and Level Annotations

Branches:
Dungeon (11/15)            Temple (1/1) D:6            Lair (6/6) D:10
 Shoals (0/4) Lair:4       Spider (0/4) Lair:4        Slime (0/5) Lair:5
    Orc (1/2) D:11

Altars:
Ashenzari
Cheibriados
Dithmenos
Elyvilon
Fedhas
Gozag
Hepliaklqana
Kikubaaqudgha
Makhleb
Nemelex Xobeh
Okawaru
Qazlal
Ru
Sif Muna
Trog
Uskayaw
Vehumet
Xom
Yredelemnul
Zin
The Shining One
Beogh

Shops:
D:6 *   D:9 [

Annotations:
D:7 2 transporters
Orc:1 Urug


Innate Abilities, Weirdness & Mutations

Shadows flee at your approach. (+LOS)
You can swim through water.
You cover ground slowly.
You can hop longer distances.
Your life essence is reduced to manifest your ancestor. (-10% HP)
You have a pair of small horns on your head.
You are agile. (Dex +2)
Your magical capacity is low. (-10% MP)
You are robust. (+10% HP)
You are occasionally teleported next to monsters.
You are weak. (Str -2)
Your movements are slightly less encumbered by armour. (ER -2)


Message History

Your ice beast hits the orc but does no damage.
As you read the scroll of teleportation, it crumbles to dust.
You feel strangely unstable. The troll bites you!
* * * LOW HITPOINT WARNING * * *
The troll closely misses you. The troll barely misses you.
Your lightning spire shoots out a bolt of lightning at the stone giant!
The bolt of electricity hits the stone giant.
The bolt of electricity hits the troll.
Your ice beast closely misses the orc.
The orc closely misses your ice beast.
The orc completely misses your ice beast.
Hop to where?
Press: ? - help, Dir - move target cursor, p - stone giant Boing!
Urug the Orcish Ballista comes into view.
She is wielding an eveningstar of crushing.
Urug shouts!
A bolt of electricity appears from out of your range of vision.
Your ice beast hits the stone giant.
Your ice beast freezes the stone giant!
Urug throws a javelin of penetration.
The javelin of penetration pierces through you!!
You die...

#R..#.#(.#...##............##..).
##.##.#......##...).......##.....
###...........#.....#....#......
##.#o...o....#..........#.....
##....((#..#......#.#.###....
##.....(......#.#.##.##.....
##.#.....)....#.....(..#.....
#.............#..#..(.8.#..#.
##(#........@...T.§Co.Y......
####.......>....h..Y...##...
###.#................###.
...................###
#.#...........).#....#
....$................## .#
o#.................#
###.........#.#....##
o..#............##


You could see a stone giant, Urug, a troll, a warg, 2 orcs and a friendly ice
beast.

Vanquished Creatures
  Rupert (Lair:3)
  A rime drake (Lair:5)
  An ice devil (Lair:6)
  A komodo dragon (Lair:3)
  A polar bear (Lair:2)
  A blink frog (Lair:6)
  3 yaks
  A water moccasin (Lair:1)
  4 orc warriors
  A sky beast (D:10)
  An ice beast (Lair:6)
  A phantom (D:8)
  An ogre (D:5)
  A wolf (Lair:6)
  2 bullfrogs
  A scorpion (D:4)
  A water moccasin skeleton (D:4)
  5 howler monkeys
  4 hounds
  4 orc priests
  An orc wizard (Orc:1)
  A bullfrog skeleton (D:10)
  A worker ant (D:8)
  A hound skeleton (D:10)
  A howler monkey zombie (D:6)
  2 adders
  2 shadow imps
  An adder zombie (D:5)
  A worm (D:2)
  A dart slug (D:2)
  4 leopard geckos
  12 orcs
  A ball python (D:5)
  3 giant cockroaches
  2 goblins
  A hobgoblin (D:2)
  3 quokkas
  4 bats
  5 frilled lizards
  A jackal skeleton (D:8)
  2 kobolds
  A quokka skeleton (D:8)
  4 rats
  A fungus (Lair:2)
92 creatures vanquished.

Vanquished Creatures (collateral kills)
  Gastronok (Lair:1)
  Snorg (Lair:3)
  10 hydras
  3 catoblepae (Lair:6)
  The ghost of Ymberto the Thaumaturge, a journeyman DEEE of Sif Muna (D:11)
  5 death yaks (Lair:6)
  An unseen horror (D:10)
  A lindwurm (Lair:6)
  An orc knight (Orc:1)
  An orc sorcerer (Orc:1)
  An ugly thing (D:11)
  5 oklob plants
  2 manticores (Lair:6)
  An orb spider (Lair:4)
  11 elephants (Lair:6)
  An ice statue (Lair:6)
  The ghost of Regeox the Chopper, a novice HOCK of Xom (D:5)
  5 black mambas
  12 spiny frogs
  9 komodo dragons
  A troll (D:9)
  8 polar bears
  A snapping turtle (Lair:4)
  4 dream sheep (Lair:6)
  Grinder (D:5)
  7 blink frogs
  9 hippogriffs
  A spriggan (D:9)
  Sigmund (D:5)
  3 basilisks
  74 yaks
  2 steam dragons
  Edmund (D:4)
  Duvessa (D:4)
  18 water moccasins
  12 porcupines
  15 orc warriors
  6 ice beasts (Lair:6)
  2 black bears
  A phantom (D:6)
  A sky beast (D:6)
  8 ogres
  A necrophage (D:6)
  3 wolves (Lair:3)
  2 centaurs
  14 crocodiles
  2 big kobolds (D:10)
  Blork the orc (D:5)
  14 bullfrogs
  A gnoll sergeant (D:6)
  Dowan (D:4)
  3 scorpions
  5 killer bees (D:6)
  5 howler monkeys
  3 crimson imps
  6 orc priests
  2 centaur skeletons
  7 hounds
  10 orc wizards
  A bullfrog skeleton (D:8)
  A jelly (D:10)
  Ijyb (D:5)
  6 worker ants
  A killer bee zombie (D:7)
  A worker ant zombie (D:5)
  4 gnolls (D:6)
  13 adders
  2 shadow imps
  A white imp (Lair:6)
  2 worms
  2 leopard geckos
  58 orcs
  A giant cockroach (D:6)
  8 goblins
  6 hobgoblins
  7 jackals
  3 quokkas
  A ball python (D:1)
  6 bats
  A frilled lizard (D:3)
  9 kobolds
  A leopard gecko zombie (D:5)
  2 rats (D:1)
  2 bushes (Lair:2)
  5 plants
475 creatures vanquished.

Vanquished Creatures (others)
  2 dream sheep (Lair:6)
  A yak (Lair:6)
  An orc warrior (Orc:1)
  An ancestor (D:8)
  25 hexers
  2 bushes
  25 fungi
  18 plants
75 creatures vanquished.

Grand Total: 642 creatures vanquished

Notes
Turn   | Place    | Note
-------+----------+-------------------------------------------
     0 | D:1      | Fingolfin the Barachi Summoner began the quest for the Orb.
     0 | D:1      | Reached XP level 1. HP: 13/13 MP: 3/3
   166 | D:1      | Reached skill level 5 in Summonings
   454 | D:1      | Reached XP level 2. HP: 19/19 MP: 0/5
   588 | D:1      | Learned a level 2 spell: Call Imp
  1278 | D:2      | Reached XP level 3. HP: 24/24 MP: 2/6
  1283 | D:2      | Learned a level 3 spell: Call Canine Familiar
  2161 | D:2      | Reached XP level 4. HP: 30/30 MP: 8/8
  2742 | D:3      | Found an iron altar of Okawaru.
  2836 | D:3      | Noticed a bullfrog
  2851 | D:3      | Killed a bullfrog
  2911 | D:3      | Learned a level 4 spell: Summon Ice Beast
  3249 | D:4      | Reached XP level 5. HP: 35/35 MP: 1/11
  3343 | D:4      | Noticed Edmund
  3427 | D:4      | Killed Edmund
  3427 | D:4      | Reached skill level 5 in Spellcasting
  3427 | D:4      | Reached XP level 6. HP: 36/41 MP: 2/13
  4160 | D:4      | Reached skill level 1 in Ice Magic
  4295 | D:4      | Noticed Duvessa
  4324 | D:4      | Noticed Dowan
  4327 | D:4      | Killed Duvessa
  4335 | D:4      | Killed Dowan
  4410 | D:4      | Learned a level 4 spell: Summon Lightning Spire
  4441 | D:5      | Entered Level 5 of the Dungeon
  4442 | D:5      | Noticed Grinder
  4447 | D:5      | Paralysed by Grinder for 3 turns
  4455 | D:5      | Killed Grinder
  4455 | D:5      | Reached XP level 7. HP: 46/46 MP: 4/15
  4465 | D:5      | Noticed Blork the orc
  4479 | D:5      | Killed Blork the orc
  4630 | D:5      | Reached skill level 5 in Ice Magic
  4693 | D:5      | Reached skill level 1 in Fighting
  4696 | D:5      | Noticed Regeox's ghost (novice HOCK)
  4717 | D:5      | Noticed Sigmund
  4820 | D:5      | Noticed Ijyb
  4826 | D:5      | Killed Ijyb
  5066 | D:5      | HP: 1/48 [something (10)]
  5071 | D:5      | Killed Sigmund
  5071 | D:5      | Reached skill level 2 in Fighting
  5162 | D:5      | Reached skill level 3 in Fighting
  5750 | D:5      | Killed Regeox's ghost
  5750 | D:5      | Reached skill level 5 in Fighting
  5750 | D:5      | Reached XP level 8. HP: 52/62 MP: 4/16
  5842 | D:5      | Found a basalt altar of Yredelemnul.
  5842 | D:5      | Found a glowing golden altar of the Shining One.
  5844 | D:5      | Noticed a profane servitor
  5850 | D:5      | Noticed an angel
  6367 | D:6      | Found a staircase to the Ecumenical Temple.
  6373 | Temple   | Entered the Ecumenical Temple
  6435 | Temple   | Became a worshipper of Hepliaklqana the Forgotten
  6585 | D:6      | Found Iceguol's Assorted Antiques.
  6687 | D:6      | Reached skill level 5 in Dodging
  7068 | D:6      | Learned a level 3 spell: Summon Guardian Golem
  7246 | D:6      | Reached XP level 9. HP: 60/61 MP: 2/17
  7882 | D:6      | Found an iron altar of Okawaru.
  7882 | D:6      | Found a snail-covered altar of Cheibriados.
  8379 | D:6      | Bought a papyrus book for 360 gold pieces
  8382 | D:6      | Learned a level 2 spell: Sublimation of Blood
  8382 | D:6      | Bought a scroll labeled ABYULI EFISUESCH for 24 gold pieces
  8436 | D:7      | Reached skill level 6 in Fighting
  8782 | D:7      | Reached * piety under Hepliaklqana
  8802 | D:7      | Found a transporter.
  8805 | D:7      | Found a transporter.
  8807 | D:7      | Noticed a deep elf knight
  8808 | D:7      | Noticed a red ugly thing
  8816 | D:7      | Found a shattered altar of Ashenzari.
  9032 | D:8      | Found an ancient bone altar of Kikubaaqudgha.
  9069 | D:8      | Reached skill level 1 in Evocations
  9250 | D:8      | Reached skill level 1 in Necromancy
 10130 | D:9      | Found Heukomye's Antique Armour Emporium.
 10130 | D:9      | Reached ** piety under Hepliaklqana
 10131 | D:9      | Remembered your ancestor Finwë as a hexer
 10139 | D:9      | Bought a runed scarf for 136 gold pieces
 10219 | D:9      | Found a flagged portal.
 10291 | Bailey   | Entered a bailey
 10391 | Bailey   | Noticed Ymberto's ghost (novice HuHu)
 10622 | D:9      | Found a stormy altar of Qazlal.
 10811 | D:9      | Reached skill level 5 in Necromancy
 10851 | D:9      | Noticed a troll
 10877 | D:9      | Killed a troll
 10877 | D:9      | Reached XP level 10. HP: 68/68 MP: 1/18
 11139 | D:10     | Entered Level 10 of the Dungeon
 11389 | D:10     | Killed an unseen horror
 11474 | D:9      | Bought a pair of heavily runed gloves for 161 gold pieces
 11484 | D:9      | Identified the cursed +0 pair of gloves of Ratabb Owuc {rPois rC- MR++ Int+3} (You bought it in a shop on level 9 of the Dungeon)
 11546 | D:6      | Bought a scroll labeled VIEFAJ WAFF for 24 gold pieces
 11699 | D:10     | Found a staircase to the Lair.
 11920 | Lair:1   | Entered Level 1 of the Lair of Beasts
 12021 | Lair:1   | Noticed Gastronok
 12024 | Lair:1   | Noticed a spiny frog
 12036 | Lair:1   | Killed a spiny frog
 12049 | Lair:1   | Killed Gastronok
 12261 | Lair:1   | Reached skill level 1 in Invocations
 12261 | Lair:1   | Reached XP level 11. HP: 72/72 MP: 5/19
 12835 | Lair:1   | Got an encrusted mace
 12836 | Lair:1   | Identified the +4 mace of the Vendetta {crush, +Inv Dex+6} (You found it on level 1 of the Lair of Beasts)
 13212 | Lair:2   | Noticed an oklob plant
 13398 | Lair:2   | Killed an oklob plant
 13516 | Lair:2   | Reached *** piety under Hepliaklqana
 13883 | Lair:2   | Reached skill level 1 in Shields
 14639 | Lair:3   | Reached **** piety under Hepliaklqana
 14670 | Lair:3   | Noticed Rupert
 14708 | Lair:3   | Reached skill level 5 in Evocations
 14840 | Lair:3   | Killed Rupert
 15548 | Lair:3   | Noticed Snorg
 15556 | Lair:3   | Killed Snorg
 15615 | Lair:3   | Noticed a six-headed hydra
 15622 | Lair:3   | Killed a six-headed hydra
 15684 | Lair:3   | Noticed an eight-headed hydra
 15800 | Lair:3   | Killed an eight-headed hydra
 15800 | Lair:3   | Reached XP level 12. HP: 74/79 MP: 2/20
 16221 | Lair:4   | You fall through a shaft for 2 floors!
 16221 | Lair:6   | Entered Level 6 of the Lair of Beasts
 16229 | Lair:6   | Reached ***** piety under Hepliaklqana
 16268 | Lair:6   | Reached skill level 10 in Evocations
 16600 | Lair:6   | Noticed a five-headed hydra
 16674 | Lair:6   | Noticed an eight-headed hydra
 16678 | Lair:6   | Killed an eight-headed hydra
 17041 | Lair:6   | Noticed a six-headed hydra
 17048 | Lair:6   | Killed a six-headed hydra
 17258 | Lair:6   | Killed a five-headed hydra
 17357 | Lair:6   | Reached skill level 5 in Invocations
 17383 | Lair:5   | Noticed an eight-headed hydra
 17505 | Lair:4   | Found a staircase to the Shoals.
 17575 | Lair:4   | Noticed a seven-headed hydra
 17586 | Lair:4   | Killed a seven-headed hydra
 18225 | Lair:4   | Gained mutation: You can hop longer distances. [Barachi growth]
 18225 | Lair:4   | Reached XP level 13. HP: 83/83 MP: 10/22
 18426 | Lair:4   | Found a hole to the Spider Nest.
 18777 | Lair:5   | Got a transparent long sword
 18778 | Lair:5   | Identified the +11 long sword of Gafficw {drain, rPois rF+} (You found it on level 5 of the Lair of Beasts)
 18916 | Lair:5   | Reached skill level 7 in Fighting
 19104 | Lair:5   | Learned a level 3 spell: Regeneration
 19275 | Lair:5   | Found a staircase to the Slime Pits.
 19496 | Lair:5   | Reached skill level 8 in Fighting
 20123 | Lair:6   | Reached skill level 9 in Fighting
 20265 | Lair:6   | Got a pair of faintly glowing gloves
 20295 | Lair:6   | Identified the +1 pair of gloves of the Orcish Mines {*Contam +Fly rF++ Int-5 Dex+4} (You found it on level 6 of the Lair of Beasts)
 20329 | Lair:6   | Gained mutation: You are weak. (Str -2) [mutagenic glow]
 20620 | Lair:6   | Reached skill level 10 in Fighting
 21505 | Lair:6   | Reached skill level 11 in Fighting
 22358 | Lair:6   | Reached skill level 12 in Fighting
 23227 | D:11     | Found a staircase to the Orcish Mines.
 23235 | D:11     | Noticed Ymberto's ghost (journeyman DEEE)
 23244 | D:11     | Killed Ymberto's ghost
 23244 | D:11     | Reached skill level 13 in Fighting
 23277 | D:10     | Gained mutation: You are occasionally teleported next to monsters. [mutagenic meat]
 23279 | D:10     | Gained mutation: You are agile. (Dex +2) [mutagenic meat]
 23280 | D:10     | Gained mutation: Your movements are slightly less encumbered by armour. (ER -2) [mutagenic meat]
 23516 | D:11     | Reached XP level 14. HP: 103/106 MP: 15/23
 23598 | D:11     | Gained mutation: You have a pair of small horns on your head. [mutagenic meat]
 23599 | D:11     | Gained mutation: Your magical capacity is low. (-10% MP) [mutagenic meat]
 23600 | D:11     | Gained mutation: You are robust. (+10% HP) [mutagenic meat]
 23604 | D:11     | Found a roughly hewn altar of Beogh.
 24119 | Orc:1    | Entered Level 1 of the Orcish Mines
 24239 | Orc:1    | Reached ****** piety under Hepliaklqana
 24935 | Orc:1    | Noticed a stone giant
 24946 | Orc:1    | Noticed Urug
 24946 | Orc:1    | Hit by a javelin of penetration thrown by Urug

Skill      XL: |  1  2  3  4  5  6  7  8  9 10 11 12 13 14 |
---------------+-------------------------------------------+-----
Summonings     | 5 6 9 |  9.8
Spellcasting   | 4 5 7 |  7.1
Ice Magic      | 4 5 9 |  9.4
Fighting       | 5 6 13 | 13.0
Dodging        | 7 8 |  8.4
Evocations     | 1 9 12 | 12.0
Necromancy     | 5 |  5.1
Invocations    | 1 2 7 8 |  8.1
Shields        | 4 |  4.1
Stealth        | |  1.7

Action                   |  1- 3 |  4- 6 |  7- 9 | 10-12 | 13-15 || total
-------------------------+-------+-------+-------+-------+-------++-------
Melee: Unarmed           |    16 |       |       |       |       ||    16
       Short sword       |    60 |    56 |       |       |       ||   116
       Dagger            |     8 |     8 |   219 |    98 |       ||   333
       Mace              |       |       |       |   105 |   180 ||   285
       Headbutt          |       |       |       |       |    13 ||    13
 Cast: Summon Small Mamm |    18 |       |       |       |       ||    18
       Call Imp          |    12 |     8 |       |       |       ||    20
       Call Canine Famil |     7 |     3 |       |     1 |     2 ||    13
       Summon Ice Beast  |       |    23 |   110 |   185 |   189 ||   507
       Sublimation of Bl |       |       |     2 |     2 |     2 ||     6
       Summon Guardian G |       |       |     2 |     7 |     7 ||    16
       Summon Lightning  |       |       |       |    10 |     5 ||    15
Invok: Ancestor Identity |       |       |     3 |       |       ||     3
       Recall Ancestor   |       |       |     2 |     2 |     3 ||     7
       Ancestor Life: He |       |       |     1 |       |       ||     1
       Transference      |       |       |       |       |     1 ||     1
 Abil: Hop               |       |     1 |     3 |     3 |     7 ||    14
Evoke: Wand              |       |       |       |     2 |       ||     2
  Use: Potion            |       |       |     5 |     3 |     1 ||     9
       Scroll            |       |       |    11 |     7 |     8 ||    26
 Stab: Distracted        |       |     1 |       |     7 |     6 ||    14
       Sleeping          |       |       |     1 |       |       ||     1
       Confused          |       |       |       |     1 |       ||     1
  Eat: Chunk             |     5 |    10 |    38 |    34 |    50 ||   137
       Royal jelly       |       |     2 |       |       |     1 ||     3
       Meat ration       |       |       |       |     2 |       ||     2
       Fruit             |       |       |       |     1 |       ||     1
       Bread ration      |       |       |       |     1 |       ||     1
Armor: Robe              |    19 |     8 |    57 |       |    38 ||   122
       Troll leather arm |       |       |       |    60 |    21 ||    81
Dodge: Dodged            |    62 |    30 |   182 |   221 |   206 ||   701
Block: Buckler           |       |       |       |    23 |    77 ||   100
